 Dungeon Crawl Stone Soup version 0.29.1-15-g9cfb28693d (webtiles) character file.

Game seed: 2975881129653776229

2 Arctor the Magician (level 1, 0/10 HPs)
             Began as a Gargoyle Hedge Wizard on Feb 24, 2023.
             Killed from afar by a dart slug (2 damage)
             ... with a slug dart
             ... on level 1 of the Dungeon.
             The game lasted 00:00:07 (36 turns).

Arctor the Magician (Gargoyle Hedge Wizard)           Turns: 36, Time: 00:00:08

Health: 0/10       AC:  4    Str: 13    XL:     1   Next: 40%
Magic:  0/4        EV: 11    Int: 14    God:
Gold:   9          SH:  0    Dex:  9    Spells: 5/6 levels left

rFire   . . .      SeeInvis .   a - +0 dagger
rCold   . . .      Faith    .   (no shield)
rNeg    + . .      Spirit   .   b - +0 robe
rPois   ∞          Reflect  .   c - +0 hat
rElec   +          Harm     .   (no cloak)
rCorr   .          Rampage  .   (no gloves)
Will    .....                   (no boots)
Stlth   ++........              (no amulet)
HPRegen 0.03/turn               (no ring)
MPRegen 0.09/turn               (no ring)

@: no status effects
A: sickness immunity, AC +2, negative energy resistance 1, electricity
resistance, torment resistance 1, petrification resistance
a: no special abilities


You were on level 1 of the Dungeon.
You visited 1 branch of the dungeon, and saw 1 of its levels.

You collected 9 gold pieces.

Inventory:

Hand Weapons
 a - a +0 dagger (weapon)
Armour
 b - a +0 robe (worn)
 c - a +0 hat (worn)
Scrolls
 e - a scroll of identify {unknown}
Potions
 d - a potion of magic


   Skills:
 + Level 1.6 Dodging
 + Level 2.2 Stealth
 + Level 3.0 Spellcasting
 + Level 1.1 Conjurations
 + Level 1.0 Summonings
 + Level 0.9 Translocations


You had 5 spell levels left.
You knew the following spells:

 Your Spells              Type           Power      Damage    Failure   Level
a - Magic Dart            Conj           20%        1d4       13%         1

Your spell library contained the following spells:

 Spells                   Type           Power      Damage    Failure   Level
 Slow                     Hex            8%         N/A       22%         1
 Blink                    Tloc           8%         N/A       22%         2
 Call Imp                 Summ           4%         N/A       22%         2
 Conjure Flame            Conj/Fire      3%         6-21      45%         3
 Mephitic Cloud           Conj/Pois/Air  3%         N/A       50%         3


Dungeon Overview and Level Annotations

Branches:
Dungeon (1/15)

Altars:


Innate Abilities, Weirdness & Mutations

You are immune to sickness and miasma.
Your stone body is resilient. (AC +2)
You are immune to poison.
You resist negative energy. (rN+)
You are resistant to electric shocks. (rElec)
You are resistant to unholy torment.
You are immune to petrification.


Message History

The giant cockroach bites you but does no damage.
Your magical contamination has completely faded away.
You closely miss the giant cockroach.
The giant cockroach bites you but does no damage.
You hit the giant cockroach.
The giant cockroach is moderately wounded.
The giant cockroach waves its antennae.
The giant cockroach bites you.
* * * LOW HITPOINT WARNING * * *
You hit the giant cockroach but do no damage.
The giant cockroach is moderately wounded.
The giant cockroach bites you but does no damage.
Casting: Magic Dart (safe; 14% risk of failure)
Confirm with . or Enter, or press ? or * to list all spells.
Aiming: Magic Dart (safe; 14% risk of failure)
Press: ? - help, Shift-Dir - straight line, f - giant cockroach
Aim: a giant cockroach (moderately wounded, 100% to hit)
The magic dart hits the giant cockroach.
You kill the giant cockroach!
Your Summonings skill increases to level 1!
You hit the dart slug but do no damage. The dart slug launches a dart at you.
The slug dart hits you but does no damage.
You hit the dart slug but do no damage. You hit the dart slug.
The dart slug is lightly wounded.
The dart slug launches a dart at you. The slug dart misses you.
You hit the dart slug but do no damage. The dart slug bites you.
* * * LOW HITPOINT WARNING * * *
You hit the dart slug.
The dart slug is moderately wounded.
You hit the dart slug but do no damage.
The dart slug is moderately wounded.
The dart slug bites you but does no damage.
You hit the dart slug.
The dart slug is heavily wounded.
The dart slug launches a dart at you. The slug dart hits you.
You die...

...#......##.
..........#.
...........
..........
.........
........#
.......r#
.######w#
###@##
.[.###..##
..........##
...###.....##
##.##..#
#..#..#
##.##.#
#..#.# #...##


You could see a dart slug and a rat.

Vanquished Creatures
  A ball python (D:1)
  A giant cockroach (D:1)
2 creatures vanquished.

Notes
Turn   | Place    | Note
-------+----------+-------------------------------------------
     0 | D:1      | Arctor the Gargoyle Hedge Wizard began the quest for the
                  | Orb.
     0 | D:1      | Reached XP level 1. HP: 10/10 MP: 4/4
    30 | D:1      | Reached skill level 1 in Summonings
    36 | D:1      | Killed from afar by a dart slug

Illustrated notes

Levels and vault maps discovered:
D:1:      dpeg_arrival_round_c, layout_rooms, serial_shops, shop

Skill      XL: |  1 |
---------------+----+-----
Summonings     | 1 |  1.0
Dodging        | |  1.6
Stealth        | |  2.2
Spellcasting   | |  3.0
Conjurations   | |  1.1
Translocations | |  0.9

Action                   || total
-------------------------++-------
Melee: Dagger            ||    15
 Cast: Magic Dart        ||     4
Armor: Robe              ||     8
Dodge: Dodged            ||     6
